 Dungeon Crawl Stone Soup version 0.19.1-1-g22dce08 (webtiles) character file.

860 N00B the Carver (level 7, -1/46 HPs)
             Began as a High Elf Gladiator on Jan 1, 2017.
             Was a Believer of Yredelemnul.
             Killed by nerve-wracking pain
             ... invoked by an orc priest
              (9 damage)
             ... on level 5 of the Dungeon.
             The game lasted 00:07:44 (6135 turns).

N00B the Carver (High Elf Gladiator)                Turns: 6135, Time: 00:07:45

Health: -1/46      AC:  7    Str: 16    XL:     7   Next: 71%
Magic:  10/10      EV: 13    Int: 17    God:    Yredelemnul [**....]
Gold:   236        SH:  0    Dex: 16    Spells: 1 memorised, 4 levels left

rFire  . . .     SeeInvis .     a - +0 long sword
rCold  . . .     Gourm    .     w - +0 ring mail
rNeg   . . .     Faith    .     (no shield)
rPois  .         Spirit   .     c - +0 helmet
rElec  .         Reflect  .     s - +0 cloak
rCorr  .         Harm     .     (no gloves)
MR     .....                    (no boots)
Stlth  ++........               (no amulet)
                                (no ring)
                                t - ring of stealth

@: brilliant, injury mirror, very slightly contaminated
A: no striking features
a: Animate Remains, Recall Undead Slaves, Injury Mirror, Renounce Religion


You were on level 5 of the Dungeon.
You worshipped Yredelemnul.
Yredelemnul was pleased with you.
You were not hungry.

You visited 1 branch of the dungeon, and saw 5 of its levels.

You collected 236 gold pieces.

Inventory:

Hand Weapons
 a - a +0 long sword (weapon)
Missiles
 d - 6 throwing nets (quivered)
Armour
 b - a +0 leather armour
 c - a +0 helmet (worn)
 s - a +0 cloak (worn)
 w - a +0 ring mail (worn)
Jewellery
 t - a ring of stealth (left hand)
Scrolls
 e - 2 scrolls of amnesia {unknown}
 h - a scroll of teleportation
 i - 2 scrolls of magic mapping
 j - 2 scrolls of noise {unknown}
 l - a scroll of blinking {unknown}
 m - a scroll of enchant armour {unknown}
 p - a scroll of recharging {unknown}
 r - a scroll of remove curse
 y - a scroll of identify
Potions
 g - 5 potions of flight
 x - a potion of lignification
Books
 q - a book of Minor Magic

   Spells                             Type                      Level
   a - Magic Dart                     Conjuration                  1
   b - Blink                          Translocation                2
   c - Call Imp                       Summoning                    2
   d - Repel Missiles                 Charms/Air                   2
   e - Slow                           Hexes                        2
   f - Conjure Flame                  Conjuration/Fire             3
   g - Mephitic Cloud                 Conjuration/Poison/Air       3
Comestibles
 f - 4 bread rations
 n - a meat ration
 u - 5 fruits


   Skills:
 + Level 3.2 Fighting
 * Level 8.5 Long Blades
 - Level 2.0 Throwing
 + Level 2.6 Armour
 + Level 4.4 Dodging
 * Level 3.2 Invocations


You had 4 spell levels left.
You knew the following spells:

 Your Spells              Type           Power        Failure   Level  Hunger
a - Blink                 Tloc           N/A          11%         2    ###....


Dungeon Overview and Level Annotations

Branches:
Dungeon (5/15)             Temple (0/1) D:4

Altars:
Sif Muna
Trog
Yredelemnul

Annotations:
D:4 exclusion: door


Message History

You barely miss the orc priest.
The orc priest is severely wounded.
The orc priest calls down the wrath of Beogh upon you.
Pain shoots through your body!
* * * LOW HITPOINT WARNING * * *
Unknown command.
Unknown command.
You hit the orc priest but do no damage.
The orc priest is severely wounded.
The orc priest hits you but does no damage.
Unknown command.
You hit the orc priest.
The orc priest is almost dead.
The orc priest looks encouraged for a moment.
Unknown command.
You offer yourself to Yredelemnul, and are filled with unholy energy.
The orc priest mumbles some strange prayers to Beogh against you.
Pain shoots through your body!
You die...
Your body rises from the dead as a mindless zombie.

#. #.####. ......
#.#..## #.#...#
#.#...####.##
##'#.......?.#
#####
#..(o...###.##
#...# #..@###?#
#...# #.))#
#o###+## #...#
#...# #.s#...#
#...##### #...#
##.#...# ....'...#
#...# #.....#
....###.######...#
###....# #...#
#......#...#
#......# ###.#
#......##.##
#......#
#.###......##.#
#......#


You could see an orc priest.

Vanquished Creatures
  Grinder (D:3)
  A phantom (D:5)
  An ogre (D:5)
  A centaur (D:5)
  2 scorpions
  2 orc priests (D:5)
  An orc wizard (D:5)
  5 gnolls
  7 adders
  2 oozes
  An adder zombie (D:5)
  3 worms
  3 dart slugs
  2 leopard geckos (D:1)
  3 orcs
  7 bats
  4 giant cockroaches
  6 goblins
  11 hobgoblins
  8 jackals
  5 quokkas
  7 frilled lizards
  10 kobolds
  20 rats
113 creatures vanquished.

Notes
Turn   | Place    | Note
-------+----------+-------------------------------------------
     0 | D:1      | N00B the High Elf Gladiator began the quest for the Orb.
     0 | D:1      | Reached XP level 1. HP: 14/14 MP: 2/2
    83 | D:1      | Reached skill level 4 in Long Blades
   203 | D:1      | Reached XP level 2. HP: 19/19 MP: 3/3
   475 | D:1      | Reached XP level 3. HP: 25/25 MP: 4/4
   541 | D:1      | You fall through a shaft!
  1131 | D:2      | Reached skill level 5 in Long Blades
  1587 | D:2      | Reached XP level 4. HP: 28/30 MP: 5/5
  1592 | D:2      | Found a faded altar of an unknown god.
  1638 | D:2      | Became a worshipper of Yredelemnul the Dark
  1638 | D:2      | Reached * piety under Yredelemnul
  2438 | D:2      | Noticed a moth of wrath
  2441 | D:2      | Found a bloodstained altar of Trog.
  2818 | D:2      | Reached ** piety under Yredelemnul
  2892 | D:3      | Learned a level 2 spell: Blink
  2980 | D:3      | Reached skill level 1 in Invocations
  3084 | D:3      | Reached XP level 5. HP: 35/35 MP: 6/6
  3126 | D:3      | Reached skill level 1 in Armour
  3129 | D:3      | Noticed Grinder
  3151 | D:3      | Paralysed by Grinder for 6 turns
  3169 | D:3      | Killed Grinder
  3169 | D:3      | Reached skill level 7 in Long Blades
  3169 | D:3      | Reached XP level 6. HP: 11/41 MP: 6/8
  4739 | D:4      | Found a staircase to the Ecumenical Temple.
  5145 | D:4      | Found a deep blue altar of Sif Muna.
  5354 | D:5      | Entered Level 5 of the Dungeon
  5397 | D:5      | Reached XP level 7. HP: 12/46 MP: 9/9
  5870 | D:5      | Reached skill level 8 in Long Blades
  6135 | D:5      | Killed from afar by an orc priest

Skill      XL: |  1  2  3  4  5  6  7 |
---------------+----------------------+-----
Long Blades    | 4 5 7 8 |  8.5
Invocations    | 1 2 3 |  3.2
Armour         | 1 2 |  2.6
Dodging        | 4 |  4.4
Fighting       | 3 |  3.2
Throwing       | |  2.0

Action                   |  1- 3 |  4- 6 |  7- 9 || total
-------------------------+-------+-------+-------++-------
Melee: Long sword        |   102 |   230 |    83 ||   415
Invok: Injury Mirror     |       |       |     1 ||     1
  Use: Potion            |     2 |     5 |     5 ||    12
       Scroll            |       |     6 |     1 ||     7
 Stab: Sleeping          |     4 |     6 |       ||    10
       Invisible         |       |       |     1 ||     1
  Eat: Bread ration      |     1 |     1 |       ||     2
       Chunk             |       |     4 |       ||     4
       Meat ration       |       |     1 |       ||     1
       Royal jelly       |       |     1 |       ||     1
Armor: Leather armour    |    31 |    37 |       ||    68
       Ring mail         |       |     2 |    18 ||    20
       Skin              |       |       |     3 ||     3
Dodge: Dodged            |    86 |   173 |    34 ||   293
       Rpst.: Long sword |    24 |    52 |    10 ||    86
